TOP OF THE 1ST |
Seattle Aviators batting - Pitching for Austin Rangers : LHP Pat Farrell
|
Pitching: LHP Pat Farrell
|
|
Batting: LHB Kenny Webster
|
0-0: Called Strike 0-1: Swinging Strike 0-2: Ball 1-2: Foul Ball, location: 2F 1-2: SINGLE (Groundball, 3L)
|
Batting: RHB Brian Williams
|
0-0: Called Strike 0-1: Ball 1-1: Called Strike 1-2: Ball 2-2: Fly out, F5 (Line Drive, 5S)
|
Batting: RHB Sean Davis
|
0-0: SINGLE (Groundball, 34D) Kenny Webster to second Runner from 2nd tries for 3rd, SAFE, throw made to third
|
Batting: LHB Jorge Mojica
|
0-0: SINGLE (Line Drive, 4M) Kenny Webster scores Sean Davis to second
|
Batting: RHB Tanyu Kimura
|
0-0: Called Strike 0-1: Ball 1-1: Called Strike Balk! Sean Davis to third Jorge Mojica to second 1-2: Foul Ball, location: 2F 1-2: Strikes out looking
|
Batting: RHB Vernon Caw
|
0-0: Called Strike 0-1: Foul Ball, location: 2F 0-2: Ball 1-2: Foul Ball, location: 2F 1-2: Foul Ball, location: 2F 1-2: Foul Ball, location: 2F 1-2: Ball 2-2: Ball 3-2: Foul Ball, location: 2F 3-2: Base on Balls
|
Batting: RHB Jay Parker
|
0-0: Called Strike 0-1: Foul Ball, location: 2F 0-2: Ball 1-2: Ball 2-2: Ball 3-2: DOUBLE (Popup, 6D) Sean Davis scores Jorge Mojica scores Vernon Caw to third Vernon Caw scores
|
Batting: RHB Randolph Davis
|
0-0: SINGLE (Groundball, 56D) (infield hit) Jay Parker to third
|
Batting: RHB Kenzaburo Hori
|
0-0: Ball 1-0: SINGLE (Groundball, 56D) (infield hit) Jay Parker scores Randolph Davis to second
|
Batting: LHB Kenny Webster
|
0-0: Ball 1-0: Called Strike 1-1: Foul Ball, location: 2F 1-2: Ball 2-2: Strikes out swinging
|
Top of the 1st over - 5 run(s), 6 hit(s), 0 error(s), 2 left on base; Seattle 5 - Austin 0 |
BOTTOM OF THE 1ST |
Austin Rangers batting - Pitching for Seattle Aviators : RHP António Rodríguez
|
Pitching: RHP António Rodríguez
|
|
Batting: RHB Tony Hernández
|
0-0: Ball 1-0: Ball 2-0: Foul Ball, location: 2F 2-1: Foul Ball, location: 2F 2-2: Foul Ball, location: 2F 2-2: Ball 3-2: Fly out, F9 (Flyball, 9M)
|
Batting: RHB Pablo Trujillo
|
0-0: Ball 1-0: Called Strike 1-1: Ball 2-1: Foul Ball, location: 2F 2-2: Strikes out looking
|
Batting: LHB Jesús Reyes
|
0-0: Called Strike 0-1: Ball 1-1: Ball 2-1: Ball 3-1: Fly out, F8 (Flyball, 89D)
|
Bottom of the 1st over - 0 run(s), 0 hit(s), 0 error(s), 0 left on base; Seattle 5 - Austin 0 |
TOP OF THE 2ND |
Seattle Aviators batting - Pitching for Austin Rangers : LHP Pat Farrell
|
Batting: RHB Brian Williams
|
0-0: Ball 1-0: Fly out, F7 (Flyball, 7D)
|
Batting: RHB Sean Davis
|
0-0: Ball 1-0: Ball 2-0: Swinging Strike 2-1: Called Strike 2-2: Foul Ball, location: 2F 2-2: Ball 3-2: Strikes out swinging
|
Batting: LHB Jorge Mojica
|
0-0: Called Strike 0-1: Foul Ball, location: 2F 0-2: Ball 1-2: Foul Ball, location: 2F 1-2: SINGLE (Line Drive, 4M)
|
Batting: RHB Tanyu Kimura
|
0-0: Ball 1-0: Ball 2-0: Called Strike 2-1: Ball 3-1: SINGLE (Groundball, 56D) Jorge Mojica to second
|
Batting: RHB Vernon Caw
|
0-0: Called Strike 0-1: Fielders Choice at 2nd, 5-4 (Groundball, 5D)
|
Top of the 2nd over - 0 run(s), 2 hit(s), 0 error(s), 1 left on base; Seattle 5 - Austin 0 |
BOTTOM OF THE 2ND |
Austin Rangers batting - Pitching for Seattle Aviators : RHP António Rodríguez
|
Batting: LHB Yun Yen
|
0-0: Foul Ball, location: 2F 0-1: Ball 1-1: Ground out 2-3 (Groundball, 23)
|
Batting: RHB Jeff Green
|
0-0: Called Strike 0-1: Ball 1-1: Fly out, F3 (Popup, 23F)
|
Batting: LHB Enrique Sánchez
|
0-0: Ball 1-0: Fly out, F7 (Flyball, 7D)
|
Bottom of the 2nd over - 0 run(s), 0 hit(s), 0 error(s), 0 left on base; Seattle 5 - Austin 0 |
TOP OF THE 3RD |
Seattle Aviators batting - Pitching for Austin Rangers : LHP Pat Farrell
|
Batting: RHB Jay Parker
|
0-0: Ball 1-0: Ball 2-0: Ground out 4-3 (Groundball, 4)
|
Batting: RHB Randolph Davis
|
0-0: Ball 1-0: Called Strike 1-1: Called Strike 1-2: Strikes out swinging
|
Batting: RHB Kenzaburo Hori
|
0-0: Called Strike 0-1: Ball 1-1: Foul Ball, location: 2F 1-2: Strikes out swinging
|
Top of the 3rd over - 0 run(s), 0 hit(s), 0 error(s), 0 left on base; Seattle 5 - Austin 0 |
BOTTOM OF THE 3RD |
Austin Rangers batting - Pitching for Seattle Aviators : RHP António Rodríguez
|
Batting: RHB Yuji Ine
|
0-0: Fly out, F7 (Flyball, 7M)
|
Batting: LHB Motoshige Kitamura
|
0-0: Foul Ball, location: 2F 0-1: Ground out 6-3 (Groundball, 6M)
|
Batting: RHB Joaquín Parra
|
0-0: Ground out 6-3 (Groundball, 6)
|
Bottom of the 3rd over - 0 run(s), 0 hit(s), 0 error(s), 0 left on base; Seattle 5 - Austin 0 |
TOP OF THE 4TH |
Seattle Aviators batting - Pitching for Austin Rangers : LHP Pat Farrell
|
Batting: LHB Kenny Webster
|
0-0: Foul Ball, location: 2F 0-1: Ball 1-1: Ball 2-1: Swinging Strike 2-2: Ground out U3 (Groundball, 3L)
|
Batting: RHB Brian Williams
|
0-0: Called Strike 0-1: Called Strike 0-2: Ball 1-2: Ground out 5-3 (Groundball, 56S)
|
Batting: RHB Sean Davis
|
0-0: Called Strike 0-1: Called Strike 0-2: Ball 1-2: Foul Ball, location: 2F 1-2: Ball 2-2: Ball 3-2: Foul Ball, location: 2F 3-2: Fly out, F3 (Popup, 3SF)
|
Top of the 4th over - 0 run(s), 0 hit(s), 0 error(s), 0 left on base; Seattle 5 - Austin 0 |
BOTTOM OF THE 4TH |
Austin Rangers batting - Pitching for Seattle Aviators : RHP António Rodríguez
|
Batting: RHB Tony Hernández
|
0-0: Ball 1-0: SINGLE (Groundball, 56D)
|
Batting: RHB Pablo Trujillo
|
0-0: Called Strike 0-1: Swinging Strike 0-2: Foul Ball, location: 2F 0-2: Grounds into double play, 6-4-3 (Groundball, 6)
|
Batting: LHB Jesús Reyes
|
0-0: Called Strike 0-1: Swinging Strike 0-2: Ball 1-2: Strikes out looking
|
Bottom of the 4th over - 0 run(s), 1 hit(s), 0 error(s), 0 left on base; Seattle 5 - Austin 0 |
TOP OF THE 5TH |
Seattle Aviators batting - Pitching for Austin Rangers : LHP Pat Farrell
|
Batting: LHB Jorge Mojica
|
0-0: Ball 1-0: Foul Ball, location: 2F 1-1: Called Strike 1-2: Foul Ball, location: 2F 1-2: Foul Ball, location: 2F 1-2: Ball 2-2: Ground out 4-3 (Groundball, 4S)
|
Batting: RHB Tanyu Kimura
|
0-0: Ball 1-0: Foul Ball, location: 2F 1-1: Fly out, F4 (Line Drive, 4)
|
Batting: RHB Vernon Caw
|
0-0: Fly out, F3 (Popup, 3L)
|
Top of the 5th over - 0 run(s), 0 hit(s), 0 error(s), 0 left on base; Seattle 5 - Austin 0 |
BOTTOM OF THE 5TH |
Austin Rangers batting - Pitching for Seattle Aviators : RHP António Rodríguez
|
Batting: LHB Yun Yen
|
0-0: Called Strike 0-1: Ground out 1-3 (Groundball, 15)
|
Batting: RHB Jeff Green
|
0-0: Ball 1-0: Ball 2-0: Called Strike 2-1: Foul Ball, location: 2F 2-2: Foul Ball, location: 2F 2-2: Strikes out looking
|
Batting: LHB Enrique Sánchez
|
0-0: Ground out 6-3 (Groundball, 6)
|
Bottom of the 5th over - 0 run(s), 0 hit(s), 0 error(s), 0 left on base; Seattle 5 - Austin 0 |
TOP OF THE 6TH |
Seattle Aviators batting - Pitching for Austin Rangers : LHP Pat Farrell
|
Pitching: LHP Han-lee Pak
|
|
Batting: RHB Jay Parker
|
0-0: Ball 1-0: Foul Ball, location: 2F 1-1: Swinging Strike 1-2: Ball 2-2: Foul Ball, location: 2F 2-2: Strikes out looking
|
Batting: RHB Randolph Davis
|
0-0: Ball 1-0: Ball 2-0: Ball 3-0: Called Strike 3-1: SINGLE (Line Drive, 9S)
|
Batting: RHB Kenzaburo Hori
|
0-0: Ball 1-0: Called Strike 1-1: Called Strike 1-2: Ball 2-2: Ball 3-2: Foul Ball, location: 2F 3-2: SINGLE (Line Drive, 78M) Randolph Davis to second
|
Batting: LHB Kenny Webster
|
0-0: Ball 1-0: Foul Ball, location: 2F 1-1: Ball 2-1: Ball 3-1: Base on Balls Randolph Davis to third Kenzaburo Hori to second
|
Batting: RHB Brian Williams
|
0-0: Ball 1-0: Ball 2-0: Ball 3-0: Called Strike 3-1: Called Strike 3-2: Strikes out swinging
|
Batting: RHB Sean Davis
|
0-0: Ball 1-0: Called Strike 1-1: Swinging Strike 1-2: Ball 2-2: Ball 3-2: Fly out, F7 (Flyball, 78M)
|
Top of the 6th over - 0 run(s), 2 hit(s), 0 error(s), 3 left on base; Seattle 5 - Austin 0 |
BOTTOM OF THE 6TH |
Austin Rangers batting - Pitching for Seattle Aviators : RHP António Rodríguez
|
Batting: RHB Yuji Ine
|
0-0: Ground out 6-3 (Groundball, 6)
|
Batting: LHB Motoshige Kitamura
|
0-0: Called Strike 0-1: Ball 1-1: Ball 2-1: Called Strike 2-2: Ball 3-2: Foul Ball, location: 2F 3-2: Foul Ball, location: 2F 3-2: Foul Ball, location: 2F 3-2: Foul Ball, location: 2F 3-2: SOLO HOME RUN (Line Drive, 9D), Distance : 421 ft
|
Batting: RHB Joaquín Parra
|
0-0: Ball 1-0: Called Strike 1-1: Foul Ball, location: 2F 1-2: Ball 2-2: Foul Ball, location: 2F 2-2: Fly out, F8 (Flyball, 8RM)
|
Batting: RHB Tony Hernández
|
0-0: Ball 1-0: Ground out 4-3 (Groundball, 13)
|
Bottom of the 6th over - 1 run(s), 1 hit(s), 0 error(s), 0 left on base; Seattle 5 - Austin 1 |
TOP OF THE 7TH |
Seattle Aviators batting - Pitching for Austin Rangers : LHP Han-lee Pak
|
Batting: LHB Jorge Mojica
|
0-0: Called Strike 0-1: Foul Ball, location: 2F 0-2: Ball 1-2: Ball 2-2: Foul Ball, location: 2F 2-2: Foul Ball, location: 2F 2-2: Strikes out swinging
|
Pitching: RHP Miguel Herrera
|
|
Batting: RHB Tanyu Kimura
|
0-0: Ball 1-0: Ground out 6-3 (Groundball, 6)
|
Batting: RHB Vernon Caw
|
0-0: Ball 1-0: Foul Ball, location: 2F 1-1: Foul Ball, location: 2F 1-2: Fly out, F8 (Flyball, 8RM)
|
Top of the 7th over - 0 run(s), 0 hit(s), 0 error(s), 0 left on base; Seattle 5 - Austin 1 |
BOTTOM OF THE 7TH |
Austin Rangers batting - Pitching for Seattle Aviators : RHP António Rodríguez
|
Batting: RHB Pablo Trujillo
|
0-0: Foul Ball, location: 2F 0-1: Called Strike 0-2: Ball 1-2: Ball 2-2: Foul Ball, location: 2F 2-2: Foul Ball, location: 2F 2-2: Strikes out looking
|
Batting: LHB Jesús Reyes
|
0-0: Foul Ball, location: 2F 0-1: Ball 1-1: Ball 2-1: Called Strike 2-2: Ball 3-2: Base on Balls
|
Batting: LHB Yun Yen
|
0-0: Foul Ball, location: 2F 0-1: Called Strike 0-2: Ball 1-2: Foul Ball, location: 2F 1-2: Ball 2-2: Fly out, F5 (Line Drive, 5)
|
Batting: RHB Jeff Green
|
0-0: DOUBLE (Flyball, 89D) Jesús Reyes to third
|
Batting: LHB Enrique Sánchez
|
0-0: Called Strike 0-1: Ground out 6-3 (Groundball, 6M)
|
Bottom of the 7th over - 0 run(s), 1 hit(s), 0 error(s), 2 left on base; Seattle 5 - Austin 1 |
TOP OF THE 8TH |
Seattle Aviators batting - Pitching for Austin Rangers : RHP Miguel Herrera
|
Batting: RHB Jay Parker
|
0-0: Foul Ball, location: 2F 0-1: Ball 1-1: Ball 2-1: Ball 3-1: Foul Ball, location: 2F 3-2: Strikes out swinging
|
Batting: RHB Randolph Davis
|
0-0: Foul Ball, location: 2F 0-1: Ball 1-1: Fly out, F8 (Flyball, 8LXD)
|
Batting: RHB Kenzaburo Hori
|
0-0: SINGLE (Groundball, 6S) (infield hit)
|
Batting: LHB Kenny Webster
|
0-0: Ball 1-0: Ball 2-0: SINGLE (Line Drive, 89M) Kenzaburo Hori to second Runner from 2nd tries for 3rd, OUT!
|
Top of the 8th over - 0 run(s), 2 hit(s), 0 error(s), 1 left on base; Seattle 5 - Austin 1 |
BOTTOM OF THE 8TH |
Austin Rangers batting - Pitching for Seattle Aviators : RHP António Rodríguez
|
Batting: RHB Yuji Ine
|
0-0: Ball 1-0: Called Strike 1-1: Ball 2-1: Foul Ball, location: 2F 2-2: Fly out, F8 (Flyball, 8LD)
|
Batting: LHB Motoshige Kitamura
|
0-0: Called Strike 0-1: SINGLE (Line Drive, 7S)
|
Batting: RHB Joaquín Parra
|
0-0: Ball 1-0: Swinging Strike 1-1: Foul Ball, location: 2F 1-2: Foul Ball, location: 2F 1-2: SINGLE (Flyball, 89S) Motoshige Kitamura to second Runner from 2nd tries for 3rd, SAFE, throw made to third
|
Batting: RHB Tony Hernández
|
0-0: Called Strike 0-1: SINGLE (Groundball, 34) Motoshige Kitamura scores Joaquín Parra to second Runner from 2nd tries for 3rd, SAFE, throw made to third
|
Batting: RHB Pablo Trujillo
|
0-0: Called Strike 0-1: Ball 1-1: Ball 2-1: Called Strike 2-2: Ground out 5-3 (Groundball, 5S) Joaquín Parra scores Tony Hernández to second
|
Batting: LHB Jesús Reyes
|
0-0: Called Strike 0-1: Called Strike 0-2: Ball 1-2: Ball 2-2: Ball 3-2: Base on Balls
|
Pitching: RHP José Trujillo
|
|
Batting: LHB Yun Yen
|
0-0: Ball 1-0: Ground out 4-3 (Groundball, 4)
|
Bottom of the 8th over - 2 run(s), 3 hit(s), 0 error(s), 2 left on base; Seattle 5 - Austin 3 |
TOP OF THE 9TH |
Seattle Aviators batting - Pitching for Austin Rangers : RHP Miguel Herrera
|
Batting: RHB Brian Williams
|
0-0: Ball 1-0: Foul Ball, location: 2F 1-1: Swinging Strike 1-2: Strikes out looking
|
Batting: RHB Sean Davis
|
0-0: Ball 1-0: Ball 2-0: Foul Ball, location: 2F 2-1: Ball 3-1: Base on Balls
|
Batting: LHB Jorge Mojica
|
0-0: Ball 1-0: Ground out 4-3 (Groundball, 4M) Sean Davis to second
|
Batting: RHB Tanyu Kimura
|
0-0: Ball 1-0: SINGLE (Groundball, 6M) Sean Davis to third Runner from 3rd tries for Home, SAFE, no throw or cutoff
|
Batting: RHB Vernon Caw
|
0-0: Ground out 5-3 (Groundball, 56S)
|
Top of the 9th over - 1 run(s), 1 hit(s), 0 error(s), 1 left on base; Seattle 6 - Austin 3 |
BOTTOM OF THE 9TH |
Austin Rangers batting - Pitching for Seattle Aviators : RHP José Trujillo
|
Pitching: RHP Ken Hinkle
|
|
Batting: RHB Jeff Green
|
0-0: Ball 1-0: Fly out, F8 (Flyball, 89XD)
|
Batting: LHB Enrique Sánchez
|
0-0: Called Strike 0-1: Called Strike 0-2: Ball 1-2: Reached on error, E6 (Groundball, 6M)
|
Batting: RHB Yuji Ine
|
0-0: Ball 1-0: Fly out, F6 (Popup, 56D)
|
Batting: LHB Motoshige Kitamura
|
0-0: Foul Ball, location: 2F 0-1: Called Strike 0-2: Ball 1-2: Fly out, F9 (Flyball, 9S)
|
Bottom of the 9th over - 0 run(s), 0 hit(s), 1 error(s), 1 left on base; Seattle 6 - Austin 3 |
|